 Dungeon Crawl Stone Soup version 0.28.0 (webtiles) character file.

Game seed: 8179899753663498882

9 HallandMoats the Poker (level 2, 0/27 HPs)
             Began as a Minotaur Monk on Feb 7, 2022.
             Hit by a stone thrown by a kobold (2 damage)
             ... on level 1 of the Dungeon.
             The game lasted 00:00:41 (231 turns).

HallandMoats the Poker (Minotaur Monk)               Turns: 231, Time: 00:00:41

Health: 0/27       AC:  2    Str: 15    XL:     2   Next: 6%
Magic:  1/1        EV: 13    Int:  7    God:
Gold:   7          SH:  0    Dex: 12    Spells: 1/1 levels left

rFire   . . .      SeeInvis .   a - +0 spear
rCold   . . .      Faith    .   (no shield)
rNeg    . . .      Spirit   .   b - +0 robe
rPois   .          Reflect  .   (helmet restricted)
rElec   .          Harm     .   (no cloak)
rCorr   .          Rampage  .   (no gloves)
Will    .....                   (no boots)
Stlth   ++........              (no amulet)
HPRegen 0.09/turn               (no ring)
MPRegen 0.07/turn               (no ring)

@: no status effects
A: horns 2, retaliatory headbutt
a: no special abilities


You were on level 1 of the Dungeon.
You visited 1 branch of the dungeon, and saw 1 of its levels.

You collected 7 gold pieces.

Inventory:

Hand Weapons
 a - a +0 spear (weapon)
Armour
 b - a +0 robe (worn)
Potions
 c - a potion of magic {unknown}


   Skills:
 + Level 3.7 Fighting
 + Level 3.7 Polearms
 + Level 0.4 Armour
 + Level 3.4 Dodging
 - Level 1.5 Stealth
 + Level 0.6 Shields
 + Level 0.6 Invocations


You had one spell level left.
You didn't know any spells.
Your spell library was empty.

Dungeon Overview and Level Annotations

Branches:
Dungeon (1/15)

Altars:


Innate Abilities, Weirdness & Mutations

You have a pair of horns on your head.
You reflexively headbutt those who attack you in melee.


Message History

You kill the ball python!
A bat comes into view.
A kobold comes into view. It is wielding a +0 whip.
A kobold comes into view.
It is wielding a +2 short sword of draining.
The kobold shouts! x2
The kobold hits you with a +0 whip.
* * * LOW HITPOINT WARNING * * *
A dart slug comes into view.
You closely miss the bat. You headbutt the bat.
You kill the bat!
The kobold closely misses you.
You have reached level 2!
You hit the kobold.
The kobold is severely wounded.
The gnoll misses you. The kobold closely misses you. x2
You hit the kobold but do no damage. Your headbutt misses the kobold.
The kobold is severely wounded.
The kobold misses you.
The gnoll hits you from afar with a +0 spear.
* * * LOW HITPOINT WARNING * * *
The kobold hits you but does no damage.
You closely miss the kobold.
You headbutt the kobold, but do no damage.
The kobold is severely wounded.
The gnoll hits you but does no damage. The kobold barely misses you.
You furiously retaliate!
You headbutt the kobold.
You kill the kobold!
The kobold hits you with a +0 whip.
* * * LOW HITPOINT WARNING * * *
The dart slug bites you but does no damage.
Things that are here:
a +2 short sword of draining; 3 stones The dart slug bites you.
* * * LOW HITPOINT WARNING * * *
The dart slug barely misses you.
The kobold throws a stone.
The stone misses you.
The kobold throws a stone.
The stone hits you.
* * * LOW HITPOINT WARNING * * *
The kobold throws a stone.
The stone hits you.
You die...

#........## #.#
#..........#####.#######.###..##
##.....................###)#....#
.#.........######.####........#
...........# #.# #..###w#...#
.#.........# #.# #..###K# .##
##.........# #.# #......# #
##.........######.#####.###.#..#
##..............@...K..w.......#
.#####............#####.##..##.#
......###########.#####.##..# #
.####.# #..(..#.##..##. ## #.#
#.##........... # #.#
#.##..##....#.# # #.#
#.............. # #.#
####g.....###.#. # #.#
#...)(#.....


You could see a dart slug and a kobold.

Vanquished Creatures
  A bat (D:1)
  2 endoplasms (D:1)
  3 kobolds (D:1)
  A ball python (D:1)
  A rat (D:1)
8 creatures vanquished.

Notes
Turn   | Place    | Note
-------+----------+-------------------------------------------
     0 | D:1      | HallandMoats the Minotaur Monk began the quest for the Orb.
     0 | D:1      | Reached XP level 1. HP: 19/19 MP: 0/0
   212 | D:1      | Reached XP level 2. HP: 7/27 MP: 1/1
   221 | D:1      | HP: 1/27 [kobold/stone (2)]
   231 | D:1      | Hit by a stone thrown by a kobold

Illustrated notes

Levels and vault maps discovered:
D:1:      lightli_molten_gateway, layout_loops_ring,
          shapermc_ecumenical_altar_totnotflames

Action                   || total
-------------------------++-------
Melee: Spear             ||    17
       Headbutt          ||     3
 Stab: Sleeping          ||     1
Armor: Robe              ||     3
Dodge: Dodged            ||    17
